[Event "Teplice Open 2017"]
[Site "Teplice"]
[Date "2017.06.16"]
[Round "7"]
[White "Luch, Michal"]
[Black "Grela, Kacper"]
[Result "1/2-1/2"]
[ECO "A61"]
[WhiteElo "2401"]
[BlackElo "2310"]
[Annotator "ChessBase"]
[PlyCount "61"]
[EventDate "2017.??.??"]
[EventCountry "CZE"]
[SourceTitle "playchess.com"]
[Source "ChessBase"]
[SourceQuality "1"]
[TimeControl "40/5400+30:1800+30"]

1. d4 Nf6 2. c4 c5 3. d5 e6 4. Nc3 exd5 5. cxd5 d6 6. Nf3 g6 7. h3 Bg7 8. e4 a6 9. a4 Nbd7 10. Bf4 Qe7 11. Bd3 Nh5 12. Bg5 Bf6 13. Bh6 Ne5 14. Be2 Nxf3+ 15. Bxf3 Ng7 16. O-O O-O 17. Qd2 Be5 18. Rfe1 Rb8 19. a5 Bd7 20. Bf4 b5 21. axb6 Rxb6 22. Bxe5 Qxe5 23. Be2 Rfb8 24. f4 Qd4+ 25. Qxd4 cxd4 26. Nd1 Re8 27. Rxa6 Rxa6 28. Bxa6 Nh5 29. Nf2 Nxf4 30. Rd1 Rb8 31. Rd2 1/2-1/2

[Event "Teplice Open 2017"]
[Site "Teplice"]
[Date "2017.06.16"]
[Round "7"]
[White "Plischki, Sebastian"]
[Black "Kucuksari, Kaan"]
[Result "1/2-1/2"]
[ECO "D46"]
[WhiteElo "2373"]
[BlackElo "2299"]
[Annotator "ChessBase"]
[PlyCount "72"]
[EventDate "2017.??.??"]
[EventCountry "CZE"]
[SourceTitle "playchess.com"]
[Source "ChessBase"]
[SourceQuality "1"]
[TimeControl "40/5400+30:1800+30"]

1. d4 d5 2. c4 c6 3. Nf3 Nf6 4. e3 e6 5. Bd3 Nbd7 6. O-O Bd6 7. Nc3 O-O 8. e4 dxc4 9. Bxc4 e5 10. Be3 b5 11. Bb3 Bb7 12. a3 a6 13. h3 Rc8 14. Qe2 c5 15. dxc5 Nxc5 16. Bxc5 Rxc5 17. Rfd1 Qe7 18. Rd3 a5 19. Rad1 b4 20. axb4 axb4 21. Rxd6 bxc3 22. bxc3 Rxc3 23. Qb2 Rc5 24. Ng5 Nxe4 25. Bxf7+ Kh8 26. Rd7 Qxg5 27. Rxb7 Rcc8 28. Qb6 Qf4 29. Qe3 Qf5 30. g4 Qf4 31. Qxf4 exf4 32. Be6 Rcd8 33. Rxd8 Rxd8 34. Bd5 Nf6 35. Bf3 h6 36. Kg2 Rd7 1/2-1/2

[Event "Teplice Open 2017"]
[Site "Teplice"]
[Date "2017.06.16"]
[Round "7"]
[White "Rosen, Eric S"]
[Black "Cap, Adam"]
[Result "1-0"]
[ECO "C91"]
[WhiteElo "2372"]
[BlackElo "2270"]
[Annotator "ChessBase"]
[PlyCount "37"]
[EventDate "2017.??.??"]
[EventCountry "CZE"]
[SourceTitle "playchess.com"]
[Source "ChessBase"]
[SourceQuality "1"]
[TimeControl "40/5400+30:1800+30"]

1. e4 e5 2. Nf3 Nc6 3. Bb5 a6 4. Ba4 Nf6 5. O-O b5 6. Bb3 Be7 7. Re1 O-O 8. d4 d6 9. c3 h6 10. a4 Bd7 11. Nbd2 Re8 12. Nf1 Bf8 13. Ng3 Qb8 14. Nh4 Qb6 15. Nh5 Nxh5 16. Qxh5 Nd8 17. a5 Qa7 18. Bxh6 gxh6 19. Re3 1-0

[Event "Teplice Open 2017"]
[Site "Teplice"]
[Date "2017.06.18"]
[Round "9"]
[White "Rosen, Eric S"]
[Black "Bartos, Jan"]
[Result "1-0"]
[ECO "A47"]
[WhiteElo "2372"]
[BlackElo "2185"]
[Annotator "NA"]
[PlyCount "74"]
[EventDate "2017.??.??"]
[EventCountry "CZE"]
[SourceTitle "playchess.com"]
[Source "ChessBase"]
[SourceQuality "1"]
[TimeControl "40/5400+30:1800+30"]

1. d4 Nf6 2. Nf3 e6 3. Bf4 c5 4. e3 cxd4 5. exd4 b6 6. Bd3 Bb7 7. O-O Be7 8. Re1 O-O 9. Nbd2 d6 {A47: 1 d4 Nf6 2 Nf3 b6: Torre, London and Colle Systems} 10. c3 Nbd7 11. a4 a6 12. Qb3 Re8 13. h3 Bf8 (13... Bc6 14. Ng5 Nf8 15. Nge4 Nxe4 16. Nxe4 Bxe4 17. Bxe4 d5 18. Bd3 {½-½ (32) Thorfinnsson,B (2404)-Kveinys,A (2508) Kragero 2017}) 14. Ng5 $146 ({Predecessor:} 14. Bh2 Qc7 15. Re2 h6 16. Rae1 Qc6 17. Ne4 Nxe4 18. Bxe4 {1-0 (38) Szabolcsi,J (2346)-Feher,A (2227) Hungary 2006}) 14... h6 15. Nge4 Qc7 16. Qc4 Qb8 17. Bc2 Nxe4 18. Nxe4 e5 (18... d5 $11 19. Bxb8 dxc4) 19. dxe5 dxe5 20. Bb3 Re7 21. Bg3 Bxe4 22. Rxe4 Nc5 {[#]} ({Black should play} 22... b5 23. Qc6 bxa4) 23. Rxe5 $1 Rxe5 $4 (23... Qb7 $16 24. Bc2 Rxe5 25. Bxe5 Re8) 24. Qxf7+ Kh7 25. Qg8+ (25. Bc2+ $18 Kh8 26. Qg6 (26. Bxe5 Qxe5 27. Qg6 Kg8 $16)) 25... Kg6 26. Qf7+ $2 ({White should play} 26. Bf7+ $18 Kf6 27. Bh4+ Rg5 28. Ba2) 26... Kh7 27. Bd5 $2 Ra7 28. Qg8+ (28. Bxe5 $16 Qxe5 29. Qxa7 Qxd5 30. Qxb6) 28... Kg6 {[#]} 29. b4 $1 Nd7 $2 (29... Bd6 $16) 30. Qf7+ $2 Kh7 {[#]} 31. Qg8+ $2 ({Don't take} 31. Bxe5 $6 Qxe5 32. Qg8+ Kg6 $14) (31. Be6 $1 $18) 31... Kg6 32. Bf7+ Kf6 (32... Kf5 33. Qh7+ Kf6 34. Bh5 $1 Rxh5 35. Bxb8 Nxb8 36. g4) 33. Bh5 Nc5 34. Bxe5+ Kxe5 35. bxc5 bxc5 36. Re1+ Kd6 37. Re6+ Kd5 1-0